 Dungeon Crawl Stone Soup version 0.30-a0-1074-g5db6f66fbb (webtiles) character file.

Game seed: 5009068428150154814

2368 ytrimaz the Cleaver (level 9, -3/70 HPs)
             Began as a Minotaur Berserker on Apr 13, 2023.
             Was a Priest of Trog.
             Slain by Maggie
             ... wielding a +2 glaive of flaming
              (7 damage)
             ... on level 7 of the Dungeon.
             The game lasted 00:06:40 (6697 turns).

ytrimaz the Cleaver (Minotaur Berserker)            Turns: 6697, Time: 00:06:41

Health: -3/70      AC:  4    Str: 32    XL:     9   Next: 21%
Magic:  8/8        EV: 12    Int:  4    God:    Trog [***...]
Gold:   350        SH:  0    Dex: 10    Spells: 8/8 levels left

rFire   . . .      SeeInvis .    m - +2 hand axe (elec)
rCold   . . .      Faith    .    (no shield)
rNeg    . . .      Spirit   .    h - +0 leather armour
rPois   .          Reflect  .    (helmet restricted)
rElec   .          Rampage  .    y - +0 cloak
rCorr   .                        (no gloves)
Will    ++...                    (no boots)
Stlth   +                        F - amulet of magic regeneration
HPRegen 1.31/turn                b - ring of flight
MPRegen 0.51/turn                k - +6 ring of strength

@: strong-willed, on berserk cooldown, flying, regenerating, slowed, very slow
A: horns 2, retaliatory headbutt
a: Renounce Religion, Berserk, Trog's Hand


You were on level 7 of the Dungeon.
You worshipped Trog.
Trog was most pleased with you.
You visited 1 branch of the dungeon, and saw 7 of its levels.

You collected 350 gold pieces.


Innate Abilities, Weirdness & Mutations

You have a pair of horns on your head.
You reflexively headbutt those who attack you in melee.


   Skills:
 - Level 3.6 Fighting
 + Level 14.9 Axes
 - Level 2.4 Armour
 - Level 2.1 Dodging


You had 8 spell levels left.
You didn't know any spells.
Your spell library was empty.

Inventory:

Hand Weapons
 a - a +0 hand axe
 m - a +2 hand axe of electrocution (weapon)
   (You took it off a wight on level 6 of the Dungeon)
 C - a +0 war axe
   (You took it off an orc on level 5 of the Dungeon)
Armour
 h - a +0 leather armour (worn)
   (You found it on level 2 of the Dungeon)
 y - a +0 cloak (worn)
   (You found it on level 5 of the Dungeon)
Jewellery
 b - a ring of flight (left hand)
   (You found it on level 2 of the Dungeon)
 k - a +6 ring of strength (right hand)
   (You found it on level 3 of the Dungeon)
 F - an amulet of magic regeneration (around neck)
   (You found it on level 6 of the Dungeon)
Wands
 w - a wand of acid (4)
   (You took it off Ijyb on level 4 of the Dungeon)
 E - a wand of flame (14)
   (You found it on level 6 of the Dungeon)
Scrolls
 c - a scroll of fear
 d - a scroll of teleportation
 f - 5 scrolls of magic mapping
 n - 3 scrolls of fog {unknown}
 o - a scroll of vulnerability
 p - a scroll of summoning {unknown}
 q - 3 scrolls of amnesia {unknown}
 r - 3 scrolls of blinking
 s - a scroll of silence {unknown}
 t - 3 scrolls of immolation {unknown}
 u - 2 scrolls of acquirement {unknown}
 x - 3 scrolls of enchant armour
 A - a scroll of enchant weapon {unknown}
Potions
 e - a potion of magic {unknown}
 g - 4 potions of degeneration {unknown}
 i - 4 potions of heal wounds {unknown}
 j - a potion of berserk rage {unknown}
 l - 2 potions of cancellation {unknown}
 v - 4 potions of curing {unknown}
 z - 4 potions of haste
 B - 2 potions of flight {unknown}
 D - a potion of brilliance {unknown}

Dungeon Overview and Level Annotations

Branches:
Dungeon (7/15) Zot: 26694
 Temple: D:4-7

Altars:
Ashenzari
Cheibriados
Nemelex Xobeh
Qazlal
Yredelemnul
Zin
The Shining One

Annotations:
D:7 Maggie

##############
........)@...#
.:.....@.###.#
.........# #.#
...."....#
#.###
........$#
#...#
.##.######
#...# ...
#...# #..
##...# ..
#....# ##...#


You could see Maggie.


Message History

A steam dragon is nearby!
A steam dragon is nearby!
A steam dragon is nearby!
A steam dragon is nearby!
The steam dragon breathes steam at you. The ball of steam hits you! 😕 HP[-17]
You take 17 damage, and now have 53/70 hp.
MASSIVE DAMAGE!! (PAUSE)
You are engulfed in a cloud of scalding steam.
You are too injured to fight recklessly! 😮 HP[-6]
You take 6 damage, and now have 47/70 hp.
Unknown command.
You are engulfed in a cloud of scalding steam.
An ogre comes into view.
It is wielding a +0 giant club. 😮 HP[-5]
You take 5 damage, and now have 42/70 hp.
The ogre shouts!
You hit the steam dragon. The steam dragon breathes steam at you.
The ball of steam hits you!!
* * * LOW HITPOINT WARNING * * *
You hear a shout! 😨 HP[-19]
You take 19 damage, and now have 23/70 hp.
MASSIVE DAMAGE!! (PAUSE)
You slash the steam dragon!
You are engulfed in a cloud of scalding steam.
* * * LOW HITPOINT WARNING * * *
😨 HP[-4]
You take 4 damage, and now have 19/70 hp.
Unknown command. 😨 HP[+1]
Your skin crawls.
You feel strong-willed.
You can no longer call in reinforcements.
The steam dragon bites you.
* * * LOW HITPOINT WARNING * * *
The steam dragon barely misses you.
A red film seems to cover your vision as you go berserk!
You feel yourself moving faster!
You feel mighty! The steam dragon breathes steam at you.
The ball of steam hits you!
* * * LOW HITPOINT WARNING * * *
😱 HP[-3]
You now have 105 max hp (+35).
Unknown command.
You slash the steam dragon! Your headbutt misses the steam dragon.
You are engulfed in a cloud of scalding steam.
* * * LOW HITPOINT WARNING * * *
The steam dragon closely misses you. The steam dragon claws you.
* * * LOW HITPOINT WARNING * * *
😱 HP[-2]
You take 2 damage, and now have 15/105 hp.
You barely miss the steam dragon. Your headbutt misses the steam dragon.
You are engulfed in a cloud of scalding steam.
* * * LOW HITPOINT WARNING * * *
😱 HP[-2]
You take 2 damage, and now have 13/105 hp.
You hit the steam dragon.
Lightning courses through the steam dragon!
You are engulfed in a cloud of scalding steam.
* * * LOW HITPOINT WARNING * * *
The steam dragon misses you. You furiously retaliate!
You headbutt the steam dragon!
You kill the steam dragon!
Trog accepts your kill. 😱 HP[+1]
You slash the ogre! Lightning courses through the ogre!!
You kill the ogre!
Trog accepts your kill.
Maggie the Vainglorious comes into view.
She is wielding a +2 glaive of flaming and carrying a wand of flame (22).
Things that are here:
a +0 giant club; an ogre corpse; 😱 HP[+1] Unknown command.
You feel a strong urge to attack something. 😱 HP[+1]
You are no longer berserk.
You are exhausted.
You feel yourself slow down.
Maggie gestures wildly while chanting.
Maggie attempts to bespell you!
You resist with almost no effort. 😱 HP[-5]
You now have 70 max hp (-35). 😱 HP[+2]
You regained 2 hp, and now have 13/70 hp. 😱 HP[+2]
You regained 2 hp, and now have 15/70 hp. 😱 HP[+2]
You regained 2 hp, and now have 17/70 hp.
As you read the scroll of teleportation, it crumbles to dust.
You feel strangely unstable. 😨 HP[+2]
You regained 2 hp, and now have 19/70 hp.
Your surroundings suddenly seem different.
Maggie hits you from afar with a +2 glaive of flaming!
* * * LOW HITPOINT WARNING * * *
Maggie burns you!
You die...

Skill      XL: |  1  2  3  4  5  6  7  8 |
---------------+-------------------------+-----
Axes           | 4 5 6 8 9 11 14 | 14.9
Fighting       | |  3.6
Armour         | |  2.4
Dodging        | |  2.1

Action                     |  1- 3 |  4- 6 |  7- 9 || total
---------------------------+-------+-------+-------++-------
  Melee: Hand axe          |    57 |   144 |    53 ||   254
         Headbutt          |     8 |    18 |    18 ||    44
         Punch             |       |     2 |       ||     2
         War axe           |       |       |    51 ||    51
 Invoke: Berserk           |     1 |     2 |     2 ||     5
         Trog's Hand       |       |       |     1 ||     1
    Use: Scroll            |       |     4 |     4 ||     8
 Armour: Animal skin       |     4 |     1 |       ||     5
         Leather armour    |       |    18 |    15 ||    33
  Dodge: Dodged            |    37 |    93 |    57 ||   187

Levels and vault maps discovered:
D:1:      lightli_arrival_maybe_door_vault, layout_basic,
          shapermc_ecumenical_altar_notcrosses
D:2:      layout_loops_ring, kennysheep_generic_room_5, uniq_robin
D:3:      layout_basic, grunt_ministairs_1, uniq_crazy_yiuf_cottage
D:4:      layout_basic, nicolae_overflow_crystal_walls,
          lemuel_coloured_pillars_altar, nicolae_ossuary_entry_false_entrances,
          uniq_ijyb
D:5:      layout_cave_pools, tso_oasis_becter, cheibriados_altar_1
D:6:      layout_basic, nemelex_xobeh_ov_fountains_minmay,
          gammafunk_temple_overflow_wave, uniq_grinder
D:7:      layout_rooms, nzn_wu_jian_council_hall, mainiacjoe_overflow_alcove_4,
          minmay_temple_entry_grid, uniq_maggie

Notes
Turn   | Place    | Note
-------+----------+-------------------------------------------
     0 | D:1      | ytrimaz the Minotaur Berserker began the quest for the Orb.
     0 | D:1      | Reached XP level 1. HP: 19/19 MP: 0/0
     0 | D:1      | magus.rc [v1.9.6]
    82 | D:1      | Reached skill level 4 in Axes
   281 | D:1      | Reached XP level 2. HP: 26/26 MP: 1/1
   708 | D:1      | Found a faded altar of an unknown god.
  1072 | D:2      | Noticed Robin
  1083 | D:2      | Killed Robin
  1084 | D:2      | Reached skill level 5 in Axes
  1084 | D:2      | Reached XP level 3. HP: 25/31 MP: 2/2
  1164 | D:2      | Reached ** piety under Trog
  1290 | D:2      | Reached skill level 6 in Axes
  1290 | D:2      | Reached XP level 4. HP: 38/39 MP: 3/3
  1957 | D:3      | Reached XP level 5. HP: 39/45 MP: 4/4
  1962 | D:3      | Reached *** piety under Trog
  1963 | D:3      | Reached skill level 7 in Axes
  2558 | D:4      | Reached skill level 8 in Axes
  2616 | D:4      | Reached XP level 6. HP: 51/51 MP: 5/5
  3050 | D:4      | Found a broken altar of Ashenzari.
  3277 | D:4      | Found a basalt altar of Yredelemnul.
  3282 | D:4      | Noticed Ijyb
  3290 | D:4      | Killed Ijyb
  4018 | D:5      | Entered Level 5 of the Dungeon
  4240 | D:5      | Noticed an ice beast
  4245 | D:5      | Reached skill level 9 in Axes
  4252 | D:5      | Killed an ice beast
  4253 | D:5      | Reached XP level 7. HP: 57/57 MP: 6/6
  4408 | D:5      | Found a glowing golden altar of the Shining One.
  4422 | D:5      | Found a snail-covered altar of Cheibriados.
  4427 | D:5      | Noticed a wyvern
  4436 | D:5      | Killed a wyvern
  4437 | D:5      | Reached skill level 10 in Axes
  4739 | D:5      | Reached skill level 11 in Axes
  5108 | D:6      | Reached XP level 8. HP: 50/64 MP: 7/7
  5217 | D:6      | Noticed Grinder
  5225 | D:6      | Killed Grinder
  5226 | D:6      | Reached skill level 12 in Axes
  5420 | D:6      | Found a glowing silver altar of Zin.
  5420 | D:6      | Found a stormy altar of Qazlal.
  5670 | D:6      | Reached skill level 13 in Axes
  6143 | D:6      | Found a sparkling altar of Nemelex Xobeh.
  6402 | D:7      | Reached skill level 14 in Axes
  6402 | D:7      | Reached XP level 9. HP: 40/70 MP: 8/8
  6404 | D:7      | Reached **** piety under Trog
  6684 | D:7      | HP: 17/105 [steam dragon/ball of steam (14)]
  6689 | D:7      | Noticed Maggie
  6697 | D:7      | HP: 4/70 [Maggie/+2 glaive of flaming (17)]
  6697 | D:7      | Slain by Maggie

Vanquished Creatures
  Grinder (D:6)
  3 wyverns
  A steam dragon (D:7)
  3 ice beasts
  2 ogres
  2 black bears
  2 centaurs (D:6)
  A scorpion (D:5)
  3 wights (D:6)
  A howler monkey (D:4)
  2 hounds
  2 jellies
  A sleepcap (D:5)
  Ijyb (D:4)
  6 iguanas
  An orc wizard (D:7)
  Robin (D:2)
  6 adders
  A white imp (D:5)
  An ufetubus (D:6)
  3 worms
  2 dart slugs
  25 orcs
  3 bats
  11 endoplasms
  5 giant cockroaches
  15 goblins
  12 hobgoblins
  3 jackals (D:2)
  7 quokkas
  5 ball pythons
  2 frilled lizards
  5 kobolds
  4 rats
143 creatures vanquished.

Table legend:
 A = Non-vault XP
 B = Vault XP
 C = Vault XP percentage of total XP
 D = Non-vault monster count
 E = Vault monster count
 F = Vault count percentage of total count
                 A         B        C        D         E       F
            +---------+---------+-------+---------+---------+-------
      Total |    3023 |     361 |  10.7 |     120 |      23 |  16.1
            +---------+---------+-------+---------+---------+-------
        D:1 |      27 |       0 |   0.0 |      15 |       0 |   0.0
        D:2 |     109 |      41 |  27.3 |      27 |      15 |  35.7
        D:3 |      53 |      17 |  24.3 |      16 |       6 |  27.3
        D:4 |     216 |      36 |  14.3 |      15 |       1 |   6.2
        D:5 |     831 |       0 |   0.0 |      19 |       0 |   0.0
        D:6 |     991 |     267 |  21.2 |      13 |       1 |   7.1
        D:7 |     796 |       0 |   0.0 |      15 |       0 |   0.0
            +---------+---------+-------+---------+---------+-------

Illustrated notes

Table legend:
 A = Kills in this place as a percentage of kills in the entire game.
 B = Kills by you in this place as a percentage of kills by you in the entire game.
 C = Kills by friends in this place as a percentage of kills by friends in the entire game.
 D = Other kills in this place as a percentage of other kills in the entire game.
 E = Experience gained in this place as a percentage of experience gained in the entire game.
 F = Experience gained in this place divided by the number of levels of this place that you have seen.
                   A       B       C       D       E      F
               +-------+-------+-------+-------+-------+----------------------
         Total | 100.0 | 100.0 |   N/A |   N/A | 100.0 | 483.4
       Dungeon | 100.0 | 100.0 |   N/A |   N/A | 100.0 | 483.4
               +-------+-------+-------+-------+-------+----------------------

Table legend: (Time is in decaauts)
 A = Elapsed time spent in this place.
 B = Non-inter-level travel time spent in this place.
 C = Inter-level travel time spent in this place.
 D = Time resting spent in this place.
 E = Time spent auto-exploring this place.
 F = Levels seen in this place.
 G = Mean time per level.
                   A        B        C        D        E       F      G
               +--------+--------+--------+--------+--------+-----+--------+
         Total |   6702 |   6370 |    332 |    106 |   5368 |   7 |  957.4 |
       Dungeon |   6702 |   6370 |    332 |    106 |   5368 |   7 |  957.4 |
               +--------+--------+--------+--------+--------+-----+--------+

Top non-repeatable levels by time:
     D:4: 1516 daAuts
     D:6: 1277 daAuts
     D:1: 1157 daAuts
     D:5: 1092 daAuts
     D:2: 801 daAuts
     D:3: 555 daAuts
     D:7: 303 daAuts
